 Dungeon Crawl Stone Soup version 0.25-a0-166-g16436c4407 (webtiles) character file.

Game seed: 6912768509965842223, levelgen mode: deterministic

49 Kisielow the Cudgeler (level 3, -1/23 HPs)
             Began as a Gargoyle Fighter on Nov 24, 2019.
             Slain by a sky beast (2 damage)
             ... on level 2 of the Dungeon.
             The game lasted 00:02:09 (923 turns).

Kisielow the Cudgeler (Gargoyle Fighter)             Turns: 923, Time: 00:02:10

Health: -1/23      AC: 10    Str: 20    XL:     3   Next: 75%
Magic:  3/3        EV:  7    Int:  8    God:
Gold:   75         SH:  9    Dex:  9    Spells: 2/2 levels left

rFire    . . .     SeeInvis .   a - +0 flail
rCold    . . .     Gourm    .   c - +0 shield
rNeg     + . .     Faith    .   b - +0 scale mail
rPois    ∞         Spirit   .   (no helmet)
rElec    +         Reflect  .   (no cloak)
rCorr    .         Harm     .   (no gloves)
MR       .....                  (no boots)
Stlth    ..........             (no amulet)
HPRegen  0.07/turn              (no ring)
MPRegen  0.08/turn              (no ring)

@: very slow
A: negative energy resistance 1, electricity resistance, unbreathing,
petrification resistance, rot immunity, AC +3
a: no special abilities


You were on level 2 of the Dungeon.
You were hungry.

You visited 1 branch of the dungeon, and saw 2 of its levels.

You collected 75 gold pieces.

Inventory:

Hand Weapons
 a - a +0 flail (weapon)
Armour
 b - a +0 scale mail (worn)
 c - a +0 shield (worn)
Scrolls
 e - 2 scrolls of identify {unknown}
 j - a scroll of teleportation {unknown}
Potions
 d - a potion of might
 g - a potion of degeneration {unknown}
 i - a potion of magic {unknown}
 k - a potion of flight {unknown}
 l - a potion of haste {unknown}
Comestibles
 f - a ration
 h - 3 chunks of flesh


   Skills:
 - Level 3.2 Fighting
 + Level 4.0 Maces & Flails
 - Level 3.2 Armour
 - Level 3.2 Shields


You had 2 spell levels left.
You didn't know any spells.
Your spell library was empty.

Dungeon Overview and Level Annotations

Branches:
Dungeon (2/15)

Altars:


Innate Abilities, Weirdness & Mutations

You are resistant to torment.
Your stone body is resilient. (AC +3)
You are immune to poison.
You resist negative energy. (rN+)
You are resistant to electric shocks. (rElec)
You can survive without breathing.
You are immune to petrification.
You are immune to rotting.


Message History

You sock the sky beast!
The sky beast is severely wounded.
The sky beast hits you but does no damage.
The rat bites you but does no damage. The kobold hits you with a +0 club.
* * * LOW HITPOINT WARNING * * *
Your unstable footing causes you to fumble your attack.
The sky beast hits you but does no damage.
The rat completely misses you. The kobold hits you but does no damage.
Your unstable footing causes you to fumble your attack.
The sky beast completely misses you. You block the rat's attack.
You block the kobold's attack. The sky beast closely misses you.
The rat bites you but does no damage.
Your unstable footing causes you to fumble your attack.
The kobold hits you but does no damage. You block the sky beast's attack.
The rat bites you.
* * * LOW HITPOINT WARNING * * *
You closely miss the sky beast.
The sky beast is heavily wounded.
The kobold barely misses you. The sky beast hits you.
You die...

#.##...........#.# .#
#.##...........#.##.#
#.##...........#.#..#
#.##................####
..#.).........##.....$.#
.##.#.###########..###..
............ #(.#
###...........###..#
#...#....#.)wK@r.#
#...#.##.#...Y..##
###...#.# #..?##.#
....... #... #.#
####.#.. .... ..#
.#.###.#.# ##< # #. . #
.#


You could see a sky beast, a worm, a kobold and a rat.

Vanquished Creatures
  An adder (D:2)
  A dart slug (D:2)
  5 leopard geckos
  4 goblins (D:1)
  6 hobgoblins
  8 bats
  4 frilled lizards
  A kobold (D:1)
  3 rats
33 creatures vanquished.

Notes
Turn   | Place    | Note
-------+----------+-------------------------------------------
     0 | D:1      | Kisielow the Gargoyle Fighter began the quest for the Orb.
     0 | D:1      | Reached XP level 1. HP: 14/14 MP: 1/1
    45 | D:1      | Reached XP level 2. HP: 11/19 MP: 2/2
   309 | D:1      | Reached skill level 3 in Maces & Flails
   319 | D:1      | Reached XP level 3. HP: 17/23 MP: 3/3
   843 | D:2      | Reached skill level 4 in Maces & Flails
   887 | D:2      | Noticed a sky beast
   919 | D:2      | HP: 1/23 [kobold/+0 club (1)]
   923 | D:2      | Slain by a sky beast

Levels and vault maps discovered:
D:1:      dpeg_arrival_pits, layout_rooms, st_stairs_1, hangedman_glass_garden,
          chequers_jeans
D:2:      lemuel_upstairs_altar, layout_basic, nicolae_overflow_crystal_walls

Skill      XL: |  1  2  3 |
---------------+----------+-----
Maces & Flails | 3 4 |  4.0
Fighting       | |  3.2
Armour         | |  3.2
Shields        | |  3.2

Action                   || total
-------------------------++-------
Melee: Flail             ||   182
Armor: Scale mail        ||   202
Dodge: Dodged            ||   106
Block: Shield            ||   149

Table legend:
 A = Non-vault XP
 B = Vault XP
 C = Vault XP percentage of total XP
 D = Non-vault monster count
 E = Vault monster count
 F = Vault count percentage of total count
                 A         B        C        D         E       F
            +---------+---------+-------+---------+---------+-------
      Total |      66 |       4 |   5.7 |      31 |       2 |   6.1
            +---------+---------+-------+---------+---------+-------
        D:1 |      34 |       4 |  10.5 |      18 |       2 |  10.0
        D:2 |      32 |       0 |   0.0 |      13 |       0 |   0.0
            +---------+---------+-------+---------+---------+-------
